Match 41338473
Unlisted

Match 41338473
End
Construct Section Command Post
Infantry Section
Dingo Light Scout Car
Infantry Section
Construct Platoon Command Post
Selects Air and Sea Battlegroup
Selects Commando Section Paradrop
Commando Section Paradrop
6-pounder Anti-tank Gun Team
Construct Company Command Post
Selects Supply Surplus
Construct Field Infirmary
Forward Retreat Point
Crusader II Medium Tank
Selects Commando Support Section Paradrop
Construct Resource Cache
Construct Resource Cache
Construct Resource Cache
Crusader II Medium Tank
Crusader II Medium Tank
Selects Anti-tank Rocket Loiter
Anti-tank Rocket Loiter
Armored Vehicle Training
Crusader II Medium Tank
Anti-tank Rocket Loiter
Selects UNKNOWN (223837)
Crusader II Medium Tank
Royal Engineer Section
Selects Assault Flares
Crusader II Medium Tank
Anti-tank Rocket Loiter
Royal Engineer Section
Crusader II Medium Tank
Anti-tank Rocket Loiter
I SikhWarrior I
arbiter900
BlackJackKing
Vlambulance-YouTube
القائد
ceremoney
6666
糕团团
0
0

Comments sign in to comment!

No comments posted yet!